 Dungeon Sprint DCSS version 0.27.1-3-gb3d3a73c9e (webtiles) character file.

Game seed: 9770220248374613114

3700000 raph the Axe Maniac (level 23, -21/262 HPs)
             Began as a Deep Dwarf Warper on Oct 9, 2021.
             Was the Champion of Makhleb.
             Demolished by The Servant (120 damage)
             ... in the Dungeon (Sprint VIII: "Arena of Blood").
             The game lasted 00:03:00 (37 turns).

raph the Axe Maniac (Deep Dwarf Warper)               Turns: 37, Time: 00:03:01

Health: -21/262    AC:  6    Str: 16    XL:     23   Next: 18%
Magic:  23/54      EV: 31    Int: 16    God:    Makhleb [******]
Gold:   0          SH:  0    Dex: 19    Spells: 76/76 levels left

rFire    . . .     SeeInvis .   j - +∞ Axe of Woe
rCold    . . .     Faith    .   (shield currently unavailable)
rNeg     + . .     Spirit   .   b - +0 leather armour
rPois    .         Reflect  .   (no helmet)
rElec    .         Harm     .   (no cloak)
rCorr    .         Rampage  .   (no gloves)
Will     +++..     NoTele   +   (no boots)
Stlth    ++++++++++             (no amulet)
HPRegen  0.00/turn              k - +30 ring of slaying
MPRegen  0.34/turn              m - +200 ring of slaying

@: hasted, very quick
A: damage resistance, heal wounds, negative energy resistance 1, sense
surroundings 3, no regeneration
a: Heal Wounds, Renounce Religion, Minor Destruction, Lesser Servant of Makhleb,
Major Destruction, Greater Servant of Makhleb


You were in the Dungeon.
You worshipped Makhleb.
Makhleb was exalted by your worship.
You visited 1 branch

Inventory:

Hand Weapons
 a - a +0 hand axe
 j - the +∞ Axe of Woe (weapon)
   (You found it in the Dungeon)
 l - a +9 battleaxe
Missiles
 d - 5 boomerangs of dispersal (quivered)
Armour
 b - a +0 leather armour (worn)
Jewellery
 g - a +200 ring of slaying
 k - a +30 ring of slaying (left hand)
 m - a +200 ring of slaying (right hand)
Scrolls
 c - 2 scrolls of blinking
Potions
 e - a potion of curing
 f - a potion of heal wounds
 h - 2 potions of magic
 i - a potion of berserk rage


   Skills:
 O Level 27 Fighting
 O Level 27 Axes
 + Level 22.3(26.4) Maces & Flails
 + Level 20.8(24.7) Polearms
 + Level 23.8(27) Slings
 O Level 27 Throwing
 O Level 27 Armour
 O Level 27 Dodging
 O Level 27 Stealth
 + Level 20.8 Unarmed Combat
 O Level 27 Spellcasting
 O Level 27 Translocations
 O Level 27 Invocations


You had 76 spell levels left.
You didn't know any spells.
Your spell library contained the following spells:

 Spells                   Type           Power      Damage    Failure   Level
 Blink                    Tloc           N/A        N/A       0%          2
 Gell's Gravitas          Tloc           41%        N/A       0%          3
 Lesser Beckoning         Tloc           41%        N/A       0%          3
 Teleport Other           Tloc           82%        N/A       0%          3
 Manifold Assault         Tloc           82%        N/A       0%          5


Dungeon Overview and Level Annotations

Branches:
Dungeon (1/1)

Altars:
Makhleb

Annotations:
D The Servant


Innate Abilities, Weirdness & Mutations

You are resistant to damage.
You can heal yourself by infusing magical energy.
You resist negative energy. (rN+)
You passively map a large area around you.
You do not regenerate.


Message History

You open the bag of meat like a pillowcase!!!
You slaughter the bag of meat joyfully.
You kill the bag of meat!
Makhleb accepts your kill.
You feel better.
You dice the meat berserker like an onion!!!!
You pulverise the meat berserker into a thin bloody mist.
You kill the meat berserker!
Makhleb accepts your kill.
You slice the destroyer like a ripe choko!!!!
You cleave the destroyer in twain.
You destroy the destroyer!
Makhleb accepts your kill.
You feel better.
You hear a shout! x3
The destroyer blinks!
You hear a shout!
The meat berserker rages.
You hear a shout!
The Servant hits you from afar with a +9 glaive of flaming!
The Servant burns you!
You hear a shout! x4
Your base Maces & Flails skill gained 7 levels and is now at level 22!
Your base Polearms skill gained 6 levels and is now at level 20!
Your base Slings skill gained 7 levels and is now at level 23!
Your Unarmed Combat skill gained 6 levels and is now at level 20!
You have reached level 23!
An orc and a skeletal warrior come into view.
You hear a shout! x3
The meat berserker hits you with a +9 battleaxe!!!!
You hear a shout! x3
The bag of meat moves out of view.
Items here: )))) ==== ††.
Unknown command.
g - a +200 ring of slaying You hear a shout! x2
A destroyer comes into view. It is wielding a +9 vorpal great sword.
The meat berserker rages.
The Servant hits you from afar with a +9 glaive of flaming!!!!
You die...

, , , , , , , , , , ,
.....V... ...z..
#.......# ,...... , ,
,#.......# ...o§. ,
.###.. ....###.O..o. , ,
, ......###......oo... ,
, , , ....._......O.....
,, , #.....#.z.@...#.
,,, ,,.
,,#_.<._#.@....... ,, ,,
....#....)#)VOV..#.# , ,
, ......._.†)OO)o..... ,
, ,
,,,......###))..Oo...#.*
,* , , .###..
....###oOO...,, , , ,
#.......# .V.... , *,,,
, #.......# ...... , ,,
, ,......... ......, , ,
,,..........., #...# , ,


You could see The Servant, 4 destroyers, 2 sculptors of flesh, 4 large bags of
meat, 4 meat berserkers and 7 bags of meat.

Vanquished Creatures
  4 vampire knights (D)
  9 ogres (D)
  17 orcs (D)
30 creatures vanquished.

Notes
Turn   | Place    | Note
-------+----------+-------------------------------------------
     0 | D        | Found the +∞ Axe of Woe
     0 | D        | raph the Deep Dwarf Warper began the quest for the Orb.
     0 | D        | Reached XP level 1. HP: 19/19 MP: 3/3
     2 | D        | Noticed a meat berserker
     4 | D        | Became a worshipper of Makhleb the Destroyer
     5 | D        | Noticed a bag of meat
     6 | D        | Noticed a meat berserker
     7 | D        | Noticed a bag of meat
     7 | D        | Noticed a bag of meat
     7 | D        | Noticed a meat berserker
     7 | D        | Noticed a bag of meat
     7 | D        | Noticed a bag of meat
     8 | D        | Killed a meat berserker
     9 | D        | Reached skill level 15 in Fighting
     9 | D        | Reached XP level 2. HP: 52/52 MP: 4/4
     9 | D        | Reached XP level 3. HP: 60/60 MP: 5/5
     9 | D        | Reached XP level 4. HP: 68/68 MP: 6/6
     9 | D        | Reached XP level 5. HP: 75/75 MP: 7/7
     9 | D        | Reached XP level 6. HP: 84/84 MP: 8/8
     9 | D        | Reached XP level 7. HP: 91/91 MP: 9/9
     9 | D        | Reached XP level 8. HP: 99/99 MP: 10/10
     9 | D        | Gained mutation: You passively map the area around you.
                  | [Deep Dwarf growth]
     9 | D        | Reached XP level 9. HP: 108/108 MP: 11/11
     9 | D        | Reached XP level 10. HP: 116/116 MP: 12/12
     9 | D        | Reached XP level 11. HP: 123/123 MP: 13/13
     9 | D        | Reached XP level 12. HP: 132/132 MP: 14/14
     9 | D        | Reached XP level 13. HP: 139/139 MP: 15/15
     9 | D        | Killed a meat berserker
     9 | D        | Reached * piety under Makhleb
     9 | D        | Killed a bag of meat
     9 | D        | Noticed a meat berserker
     9 | D        | Noticed a bag of meat
    10 | D        | Reached skill level 27 in Axes
    10 | D        | Gained mutation: You resist negative energy. (rN+) [Deep
                  | Dwarf growth]
    10 | D        | Reached XP level 14. HP: 162/162 MP: 16/16
    10 | D        | Killed a bag of meat
    10 | D        | Noticed a bag of meat
    11 | D        | Reached XP level 15. HP: 172/172 MP: 17/17
    12 | D        | Killed a meat berserker
    12 | D        | Reached ** piety under Makhleb
    13 | D        | Reached skill level 27 in Dodging
    13 | D        | Reached XP level 16. HP: 199/199 MP: 18/18
    14 | D        | Reached skill level 27 in Fighting
    14 | D        | Reached skill level 10 in Stealth
    14 | D        | Killed a meat berserker
    14 | D        | Reached *** piety under Makhleb
    15 | D        | Reached XP level 17. HP: 208/208 MP: 18/32
    15 | D        | Noticed a meat berserker
    18 | D        | Noticed a meat berserker
    19 | D        | Reached skill level 27 in Invocations
    19 | D        | Killed a meat berserker
    19 | D        | Reached **** piety under Makhleb
    20 | D        | Reached skill level 27 in Stealth
    20 | D        | Gained mutation: You passively map a large area around you.
                  | [Deep Dwarf growth]
    20 | D        | Reached XP level 18. HP: 218/218 MP: 18/35
    20 | D        | Noticed a destroyer
    22 | D        | Reached ***** piety under Makhleb
    23 | D        | Reached XP level 19. HP: 226/226 MP: 19/37
    23 | D        | Killed a destroyer
    24 | D        | Reached skill level 27 in Armour
    24 | D        | Noticed a destroyer
    25 | D        | Noticed a meat berserker
    26 | D        | Noticed a destroyer
    26 | D        | Noticed a meat berserker
    26 | D        | Noticed a meat berserker
    27 | D        | Noticed a destroyer
    28 | D        | Noticed a large bag of meat
    28 | D        | Killed a meat berserker
    29 | D        | Reached XP level 20. HP: 236/236 MP: 20/45
    29 | D        | Noticed The Servant
    29 | D        | Killed a destroyer
    29 | D        | Noticed a meat berserker
    29 | D        | Noticed a large bag of meat
    30 | D        | Reached skill level 27 in Translocations
    30 | D        | Noticed a meat berserker
    30 | D        | Noticed a destroyer
    30 | D        | Noticed a large bag of meat
    31 | D        | Noticed a destroyer
    31 | D        | Killed a destroyer
    31 | D        | Killed a meat berserker
    31 | D        | Reached ****** piety under Makhleb
    32 | D        | Reached skill level 27 in Spellcasting
    32 | D        | Reached skill level 27 in Throwing
    32 | D        | Reached skill level 5 in Polearms
    32 | D        | Reached skill level 5 in Unarmed Combat
    32 | D        | Reached XP level 21. HP: 97/244 MP: 21/52
    32 | D        | Noticed a destroyer
    33 | D        | Noticed a large bag of meat
    33 | D        | Noticed a large bag of meat
    34 | D        | Reached skill level 15 in Maces & Flails
    34 | D        | Reached XP level 22. HP: 155/254 MP: 22/53
    35 | D        | Killed a destroyer
    36 | D        | Reached XP level 23. HP: 174/262 MP: 22/54
    37 | D        | Noticed a destroyer
    37 | D        | Demolished by The Servant

Illustrated notes

Levels and vault maps discovered:
D:        meatsprint

Skill      XL: |  1  2  3  4  5  6  7  8  9 10 11 12 13 14 15 16 17 18 19 20 21 22 |
---------------+-------------------------------------------------------------------+-----
Fighting       | 15 20 21 26 27 | 27.0
Axes           | 23 27 | 27.0
Dodging        | 18 22 24 27 | 27.0
Stealth        | 17 27 | 27.0
Invocations    | 23 27 | 27.0
Armour         | 16 23 27 | 27.0
Spellcasting   | 9 14 21 27 | 27.0
Translocations | 12 17 26 27 | 27.0
Throwing       | 27 | 27.0
Maces & Flails | 6 15 22 | 22.3
Polearms       | 5 14 20 | 20.8
Slings         | 6 16 23 | 23.8
Unarmed Combat | 5 14 20 | 20.8

Action                   |  1- 3 |  4- 6 |  7- 9 | 10-12 | 13-15 | 16-18 | 19-21 | 22-24 || total
-------------------------+-------+-------+-------+-------+-------+-------+-------+-------++-------
Melee: Executioner's axe |     1 |       |       |       |     3 |     7 |     6 |     1 ||    18
  Use: Potion            |       |       |       |       |       |       |       |     1 ||     1
Armor: Leather armour    |       |       |       |       |       |       |     1 |       ||     1
Dodge: Dodged            |     1 |       |       |       |       |       |     3 |       ||     4
